AoeStats
← KarlSheppy5860

Arena

505226245Analyzed
1v1 RM · 25d ago on Sep 8, 2026· 60m 42s· 2 players
Game mode
Random Map
Map size
Tiny (2 player)
Population
200
Speed
Normal
Resources
Standard
Victory
Conquest
Starting age
Dark Age
Ending age
Imperial Age
RankedLock teamsTeams togetherTeam positionsShared explorationLock speedFull tech treeHidden civsTurbo modeCheats
Victory
Defeat
🇮🇳 Celts · India
363
+19
🇬🇧 Hindustanis · United Kingdom
427
-19
prakash_anish
1:15 Loom
12:22 Feudal Age
17:45 Double-Bit Axe
21:56 Castle Age
19:52 Horse Collar
20:15 Gold Mining
21:51 Stone Mining
26:44 Wheelbarrow
25:55 Town Watch
26:56 Bow Saw
26:55 Heavy Plow
27:50 Pikeman
36:08 Imperial Age
34:42 Stronghold
35:18 Hand Cart
35:04 Town Patrol
35:09 Padded Archer Armor
34:59 Fletching
35:20 Forging
35:13 Scale Mail Armor
35:19 Scale Barding Armor
37:43 Furor Celtica
37:56 Conscription
38:20 Gold Shaft Mining
38:21 Stone Shaft Mining
38:06 Halberdier
39:41 Hoardings
40:05 Fortified Wall
39:51 Murder Holes
41:00 Heavy Scorpion
41:25 Treadmill Crane
41:56 Masonry
41:37 Guard Tower
42:51 Chemistry
42:40 Ballistics
42:06 Arrowslits
44:35 Keep
44:07 Siege Engineers
44:43 Iron Casting
44:23 Chain Mail Armor
44:24 Leather Archer Armor
44:04 Bodkin Arrow
44:30 Chain Barding Armor
49:27 Plate Mail Armor
49:28 Ring Archer Armor
49:59 Blast Furnace
49:36 Cavalier
50:17 Husbandry
49:38 Light Cavalry
55:09 Hussar
KarlSheppy5860
12:03 Feudal Age
10:19 Loom
14:11 Double-Bit Axe
17:51 Horse Collar
18:08 Stone Mining
18:13 Gold Mining
23:25 Castle Age
24:38 Wheelbarrow
23:50 Town Watch
25:29 Bow Saw
25:22 Heavy Plow
30:34 Imperial Age
28:20 Hand Cart
30:12 Gold Shaft Mining
30:13 Stone Shaft Mining
33:53 Grand Trunk Road
34:25 Pikeman
35:06 Squires
34:53 Arson
39:24 Elite Ghulam
41:22 Chemistry
40:44 Ballistics
44:38 Town Patrol
Connection lost

Rejoining the realm…

Still unreachable

The connection could not be restored.

Session expired

The server has moved on; the page needs a fresh start.